 Dungeon Crawl Stone Soup version 0.31-a0-875-g02e7d12df6 (webtiles) character file.

Game seed: 8715755627155186364

133 Gergoth the Digger (level 4, -9/33 HPs)
             Began as a Demigod Earth Elementalist on Oct 12, 2023.
             Mangled by Crazy Yiuf
             ... wielding a +3 quarterstaff of chaos
              (13 damage)
             ... on level 2 of the Dungeon.
             The game lasted 00:03:54 (2247 turns).

Gergoth the Digger (Demigod Earth Elementalist)     Turns: 2247, Time: 00:03:54

Health: -9/33      AC:  3    Str:  9    XL:     4   Next: 64%
Magic:  7/10       EV: 17    Int: 21    God:
Gold:   59         SH:  0    Dex: 14    Spells: 1/7 levels left

rFire   . . .        d - +0 mace
rCold   . . .        (no shield)
rNeg    . . .        a - +0 robe
rPois   .            o - +0 helmet
rElec   .            (no cloak)
rCorr   .            (no gloves)
SInv    .            (no boots)
Will    .....        (no amulet)
Stlth   ++           (no ring)
HPRegen 0.25/turn    (no ring)
MPRegen 0.12/turn

%: no passive effects
@: agile
A: high MP 1, forlorn, divine attributes
a: no special abilities


You were on level 2 of the Dungeon.
You visited 1 branch of the dungeon, and saw 2 of its levels.

You collected 59 gold pieces.

Inventory:

Hand Weapons
 d - a +0 mace (weapon)
Missiles
 c - a throwing net
 l - 5 poisoned darts
Armour
 a - a +0 robe (worn)
 e - a +0 robe
 n - a +0 ring mail
 o - a +0 helmet (worn)
 p - a +0 leather armour
Jewellery
 r - an amulet of the acrobat
 s - a ring of fire
Scrolls
 g - a scroll of teleportation {unknown}
 h - a scroll of butterflies
 k - a scroll of identify {unknown}
 m - a scroll of enchant weapon {unknown}
 q - a scroll of enchant armour {unknown}
Potions
 b - a potion of magic
 f - 2 potions of lignification {unknown}
 i - 2 potions of enlightenment {unknown}
 j - a potion of ambrosia {unknown}


   Skills:
 + Level 1.6 Armour
 + Level 2.5 Dodging
 - Level 1.7 Stealth
 + Level 2.4 Spellcasting
 - Level 2.0 Transmutations
 + Level 3.3 Earth Magic


You had one spell level left.
You knew the following spells:

 Your Spells              Type           Power      Damage    Failure   Level
a - Sandblast             Erth           32%        2d9       3%          1
b - Passwall              Tmut/Erth      10%        N/A       7%          2
c - Stone Arrow           Conj/Erth      18%        3d8       22%         3

Your spell library contained the following spells:

 Spells                   Type           Power      Damage    Failure   Level
 Petrify                  Tmut/Erth      13%        N/A       43%         4
 Brom's Barrelling Bould  Conj/Erth      9%         2d3       56%         4


Dungeon Overview and Level Annotations

Branches:
Dungeon (2/15)

Annotations:
D:2 Crazy Yiuf


Innate Abilities, Weirdness & Mutations

You have an increased reservoir of magic. (+10% MP)
You shall have no god before yourself.
Your divine heritage dramatically boosts your attributes as you level up.


Message History

There is an open door here.
There is an open door here.
There is an open door here.
There is an open door here.
Crazy Yiuf shouts!
Could not explore, unopened runed door.
Crazy Yiuf laughs, "Two light testudinal!"
You open the door.
Casting: Sandblast (safe; 3% risk of failure)
Confirm with . or Enter, or press ? or * to list all spells.
Aiming: Sandblast (safe; 3% risk of failure)
Press: ? - help, Shift-Dir - straight line, f - Crazy Yiuf
Aim: Crazy Yiuf, wielding a +3 quarterstaff of chaos and wearing a +1 cloak (84% to hit)
The blast of sand hits Crazy Yiuf but does no damage.
Crazy Yiuf says, "Powder tired high!"
Crazy Yiuf closely misses you.
Crazy Yiuf says, "Mountain snail forty-two!"
Crazy Yiuf hits you with a +3 quarterstaff of chaos!
Crazy Yiuf burns you.
Casting: Sandblast (safe; 3% risk of failure)
Confirm with . or Enter, or press ? or * to list all spells.
Aiming: Sandblast (safe; 3% risk of failure)
Press: ? - help, Shift-Dir - straight line, f/p - Crazy Yiuf
Aim: Crazy Yiuf, wielding a +3 quarterstaff of chaos and wearing a +1 cloak (84% to hit)
The blast of sand hits Crazy Yiuf!
Crazy Yiuf is moderately wounded.
Crazy Yiuf misses you.
Casting: Sandblast (safe; 3% risk of failure)
Confirm with . or Enter, or press ? or * to list all spells.
Aiming: Sandblast (safe; 3% risk of failure)
Press: ? - help, Shift-Dir - straight line, f/p - Crazy Yiuf
Aim: Crazy Yiuf, wielding a +3 quarterstaff of chaos and wearing a +1 cloak (moderately wounded, 84% to hit)
The blast of sand hits Crazy Yiuf!
Crazy Yiuf is severely wounded.
Crazy Yiuf hits you with a +3 quarterstaff of chaos!
You feel agile all of a sudden.
Crazy Yiuf hits you with a +3 quarterstaff of chaos!
* * * LOW HITPOINT WARNING * * *
You are electrocuted!
You die...

#.#.#.....'...................#..
#.###.#..##...(.....(............
#.#...#...#...#########'#......##
#.#.#.#.####### ###........
#.#.....# #......#. #.......#
##.....##. ........##♣♣ ###
#.......'. ##..##.....♣♣ ♣♣#..)#
#########. #...........♣♣♣♣@g...#
#.....#.'. ....#.#......♣..♣#...#
#.##.##.#. ..#...#.....♣.♣♣♣ ###
#.......## #.#.###.##♣♣♣♣♣
####.##### #.#.....# #)#....
#.#########################.#.###
#.# #.#...##............<#.#
#.######.###.##.#####.###.###.#
#........# #.##.#...........#.#


You could see Crazy Yiuf.

Vanquished Creatures
  Natasha (thrice) (D:2)
  Robin (D:1)
  An adder (D:2)
  3 ball pythons
  2 bats
  2 endoplasms
  A giant cockroach (D:1)
  11 goblins
  3 hobgoblins (D:1)
  3 jackals (D:2)
  3 quokkas
  A frilled lizard (D:2)
  2 kobolds
  2 rats (D:1)
38 creatures vanquished.

Notes
Turn   | Place    | Note
-------+----------+-------------------------------------------
     0 | D:1      | Gergoth the Demigod Earth Elementalist began the quest for
                  | the Orb.
     0 | D:1      | Reached XP level 1. HP: 14/14 MP: 5/5
   132 | D:1      | Reached skill level 1 in Transmutations
   491 | D:1      | Reached XP level 2. HP: 20/20 MP: 5/7
  1135 | D:2      | Noticed Robin
  1141 | D:1      | Killed Robin
  1177 | D:2      | Reached skill level 3 in Earth Magic
  1178 | D:2      | Reached XP level 3. HP: 21/26 MP: 3/8
  1183 | D:2      | Reached skill level 1 in Armour
  1242 | D:2      | Noticed Natasha
  1250 | D:2      | Killed Natasha
  1345 | D:2      | Noticed Natasha
  1360 | D:2      | Killed Natasha
  1361 | D:2      | Reached XP level 4. HP: 12/33 MP: 4/10
  1819 | D:2      | Found a runed translucent door.
  1820 | D:2      | Noticed Crazy Yiuf
  1871 | D:2      | Noticed Natasha
  1873 | D:2      | Killed Natasha
  1888 | D:2      | Learned a level 2 spell: Passwall
  1892 | D:2      | Learned a level 3 spell: Stone Arrow
  2247 | D:2      | Mangled by Crazy Yiuf

Illustrated notes

Levels and vault maps discovered:
D:1:      lemuel_arrival_funnel, layout_loops_corners
D:2:      layout_basic, uniq_natasha, uniq_robin, uniq_crazy_yiuf_cottage

Skill      XL: |  1  2  3  4 |
---------------+-------------+-----
Transmutations | 1 2 |  2.0
Dodging        | 2 |  2.5
Spellcasting   | 2 |  2.4
Earth Magic    | 3 |  3.3
Armour         | 1 |  1.6
Stealth        | |  1.7

Action                     |  1- 3 |  4- 6 || total
---------------------------+-------+-------++-------
  Melee: Mace              |    15 |    16 ||    31
   Cast: Sandblast         |    37 |    12 ||    49
    Use: Scroll            |     2 |       ||     2
   Stab: Sleeping          |       |     1 ||     1
 Armour: Robe              |    19 |    19 ||    38
  Dodge: Dodged            |    19 |    15 ||    34

Table legend: (Time is in decaauts)
 A = Elapsed time spent in this place.
 B = Non-inter-level travel time spent in this place.
 C = Inter-level travel time spent in this place.
 D = Time resting spent in this place.
 E = Time spent auto-exploring this place.
 F = Levels seen in this place.
 G = Mean time per level.
                   A        B        C        D        E       F      G
               +--------+--------+--------+--------+--------+-----+--------+
         Total |   2292 |   2245 |     47 |    101 |   1744 |   2 | 1146.0 |
       Dungeon |   2292 |   2245 |     47 |    101 |   1744 |   2 | 1146.0 |
               +--------+--------+--------+--------+--------+-----+--------+

Top non-repeatable levels by time:
     D:1: 1166 daAuts
     D:2: 1125 daAuts
